 Dungeon Crawl Stone Soup version 0.19.5 (webtiles) character file.

84 McKennaii the Magician (level 4, -3/24 HPs)
             Began as a Deep Elf Fire Elementalist on May 10, 2017.
             Slain by Grinder (9 damage)
             ... on level 3 of the Dungeon.
             The game lasted 00:04:20 (1768 turns).

McKennaii the Magician (Deep Elf Fire Elementalist) Turns: 1768, Time: 00:04:21

Health: -3/24      AC:  2    Str:  5    XL:     4   Next: 23%
Magic:  12/12      EV: 13    Int: 21    God:
Gold:   154        SH:  0    Dex: 15    Spells: 1 memorised, 10 levels left

rFire  . . .     SeeInvis .     (no weapon)
rCold  . . .     Gourm    .     a - +0 robe
rNeg   . . .     Faith    .     (no shield)
rPois  .         Spirit   .     (no helmet)
rElec  .         Reflect  .     (no cloak)
rCorr  .         Harm     .     (no gloves)
MR     .....                    (no boots)
Stlth  ++........               (no amulet)
                                (no ring)
                                (no ring)

@: very slightly contaminated
A: no striking features
a: no special abilities


You were on level 3 of the Dungeon.
You were very hungry.

You visited 1 branch of the dungeon, and saw 3 of its levels.

You collected 154 gold pieces.

Inventory:

Armour
 a - a +0 robe (worn)
Scrolls
 f - 3 scrolls of identify
 h - 2 scrolls of remove curse
Potions
 l - a potion of curing {unknown}
 m - a potion of ambrosia {unknown}
 n - a potion of lignification {unknown}
Books
 b - a book of Flames

   Spells                             Type                      Level
   a - Flame Tongue                   Conjuration/Fire             1
   b - Throw Flame                    Conjuration/Fire             2
   c - Conjure Flame                  Conjuration/Fire             3
   d - Inner Flame                    Hexes/Fire                   3
   e - Sticky Flame                   Conjuration/Fire             4
   f - Fireball                       Conjuration/Fire             5
Comestibles
 c - a bread ration
 d - a meat ration
 g - a slice of pizza
 j - 2 fruits


   Skills:
 + Level 0.1 Fighting
 + Level 2.6 Dodging
 + Level 2.5 Stealth
 + Level 4.4 Spellcasting
 + Level 1.8 Conjurations
 + Level 4.4 Fire Magic


You had 10 spell levels left.
You knew the following spells:

 Your Spells              Type           Power        Failure   Level  Hunger
a - Flame Tongue          Conj/Fire      ###..        3%          1    None


Dungeon Overview and Level Annotations

Branches:
Dungeon (3/15)

Altars:
Elyvilon
Fedhas
Gozag
Ru
Uskayaw
Xom

Annotations:
D:3 Grinder


Message History

It is a scroll of identify.
h - 2 scrolls of remove curse Blink to where?
Press: ? - help, Dir - move target cursor You are very lightly contaminated with residual magic.
As you read the scroll labeled DARABITZODID, it crumbles to dust.
It was a scroll of blinking.
As you read the scroll labeled OTADGH XIPETZ, it crumbles to dust.
You assume a fearsome visage.
Grinder is unaffected.
It was a scroll of fear.
Grinder blinks!
As you read the scroll labeled UPPOVI JORIP, it crumbles to dust.
It is a scroll of recharging.
You aren't carrying any rechargeable items.
Grinder gestures at you. Pain shoots through your body!
* * * LOW HITPOINT WARNING * * *
You see here 2 javelins.
Grinder blinks!
You closely miss Grinder. Grinder hits you!
You die...

#...........##.#......###
#...).......##.######.# #
############.######.##.#
#.# # .......5.§.#.#
#.##.#### #.# #
##########.#.# #.#.....#
#.# # #.#.######.##.####
#.# # #.#.............#
#.# # #.#####5......#.#
##.### #5# #@##.####.#
#..... #.# #(##.# #.#
###### #.# #§##.####.#
#.# #.#.....#.# #.#
#.##.#.##.#
#.#####.........#
#...5........####
##############


You could see Grinder.

Vanquished Creatures
  3 adders (D:2)
  2 oozes (D:2)
  A worm (D:2)
  2 dart slugs
  A leopard gecko (D:2)
  A ball python (D:1)
  5 bats
  6 giant cockroaches
  A goblin (D:2)
  5 hobgoblins
  3 frilled lizards
  7 kobolds
  5 rats
42 creatures vanquished.

Notes
Turn   | Place    | Note
-------+----------+-------------------------------------------
     0 | D:1      | McKennaii the Deep Elf Fire Elementalist began the quest for the Orb.
     0 | D:1      | Reached XP level 1. HP: 10/10 MP: 6/6
   228 | D:1      | Reached XP level 2. HP: 10/15 MP: 6/8
   914 | D:2      | Reached XP level 3. HP: 19/19 MP: 3/10
  1030 | D:2      | Found a sacrificial altar of Ru.
  1080 | D:2      | Found a white marble altar of Elyvilon.
  1146 | D:2      | Reached XP level 4. HP: 14/24 MP: 7/12
  1563 | D:3      | Found a shimmering altar of Xom.
  1565 | D:3      | Found an ancient bone altar of Kikubaaqudgha.
  1565 | D:3      | Found a hide-covered altar of Uskayaw.
  1567 | D:3      | Found an opulent altar of Gozag.
  1567 | D:3      | Found a hide-covered altar of Uskayaw.
  1567 | D:3      | Found a blossoming altar of Fedhas.
  1722 | D:3      | Noticed Grinder
  1747 | D:3      | Paralysed by Grinder for 3 turns
  1768 | D:3      | Slain by Grinder

Skill      XL: |  1  2  3 |
---------------+----------+-----
Fire Magic     | 4 |  4.4
Spellcasting   | 4 |  4.4
Fighting       | |  0.1
Dodging        | |  2.6
Stealth        | |  2.5
Conjurations   | |  1.8

Action                   |  1- 3 |  4- 6 || total
-------------------------+-------+-------++-------
Melee: Unarmed           |     1 |     1 ||     2
 Cast: Flame Tongue      |    54 |    17 ||    71
  Use: Potion            |     2 |       ||     2
       Scroll            |       |     4 ||     4
  Eat: Chunk             |     1 |       ||     1
Armor: Robe              |     5 |       ||     5
Dodge: Dodged            |    14 |     1 ||    15
